 Dungeon Crawl Stone Soup version 0.26.0-10-g1f06aea511 (webtiles) character file.

Game seed: 16585161378110153232

71 Borgoz the Ducker (level 4, -10/37 HPs)
             Began as a Ghoul Gladiator on Jan 30, 2021.
             Mangled by an orc
             ... wielding a +1 whip of electrocution
              (18 damage)
             ... on level 3 of the Dungeon.
             The game lasted 00:03:40 (1771 turns).

Borgoz the Ducker (Ghoul Gladiator)                 Turns: 1771, Time: 00:03:41

Health: -10/37     AC:  5    Str: 17    XL:     4   Next: 24%
Magic:  3/3        EV: 12    Int:  3    God:
Gold:   126        SH:  0    Dex: 11    Spells: 3/3 levels left

rFire    . . .     SeeInvis .   e - +2 dagger (flame)
rCold    + . .     Faith    .   (no shield)
rNeg     + + +     Spirit   .   b - +0 leather armour
rPois    ∞         Reflect  .   c - +0 helmet
rElec    .         Harm     .   (no cloak)
rCorr    .         Rampage  .   (no gloves)
Will     .....                  l - +0 pair of boots
Stlth    +.........             (no amulet)
HPRegen  0.00/turn              (no ring)
MPRegen  0.08/turn              (no ring)

@: no status effects
A: claws 1, cold resistance 1, negative energy resistance 3, inhibited
regeneration, torment resistance, unbreathing
a: no special abilities


You were on level 3 of the Dungeon.
You visited 1 branch of the dungeon, and saw 3 of its levels.

You collected 126 gold pieces.

Inventory:

Hand Weapons
 a - a +0 long sword
 e - a +2 dagger of flaming (weapon)
Missiles
 d - 2 throwing nets (quivered)
Armour
 b - a +0 leather armour (worn)
 c - a +0 helmet (worn)
 l - a +0 pair of boots (worn)
Scrolls
 f - 2 scrolls of noise {unknown}
 i - 3 scrolls of amnesia {unknown}
 j - 2 scrolls of enchant armour {unknown}
 k - a scroll of fear
 m - a scroll of enchant weapon {unknown}
 n - a scroll of immolation {unknown}
Potions
 g - a potion of curing
 h - 2 potions of invisibility {unknown}


   Skills:
 + Level 2.8 Fighting
 * Level 3.3 Long Blades
 - Level 1.7 Throwing
 + Level 1.2 Armour
 * Level 3.3 Dodging


You had 3 spell levels left.
You didn't know any spells.
Your spell library was empty.

Dungeon Overview and Level Annotations

Branches:
Dungeon (3/15)

Altars:


Innate Abilities, Weirdness & Mutations

You thrive by killing the living.
You are immune to poison.
You have sharp fingernails.
Your flesh is cold resistant. (rC+)
You are immune to negative energy. (rN+++)
You do not regenerate when monsters are visible.
You are immune to unholy pain and torment.
You can survive without breathing.


Message History

You kill the orc!
You feel better. The orc barely misses you.
You closely miss the orc. The orc hits you but does no damage.
You are electrocuted!!
Ouch! That really hurt!
You are too injured to fight recklessly!
You are too injured to fight recklessly!
You are too injured to fight recklessly!
You barely miss the orc. You hit the orc but do no damage.
The orc hits you with a +1 whip of electrocution.
You are electrocuted!
* * * LOW HITPOINT WARNING * * *
Throw: 3 throwing nets
Press: ? - help, Q - select action Shift-Dir - straight line, f - orc
Aim: an orc, wielding a +1 whip of electrocution and wearing a +0 leather armour You throw a throwing net.
The throwing net closely misses the orc.
The orc hits you but does no damage.
You are electrocuted!!
You die...

... #. #.#.... .. ....
#.##.#.....#..#..
.....#.............#.
#...#.#..#.#.#.#...
##...#.#..#.#.... .#
..........#.#.#.#..#
#.........#.#.#.#..#.##
...............<)......
...............@o.....(
##.#.##....###..........
...#.##....###.###..####
#..............###..#
.....................#
...........#...###...#
................... ..
####.#...#.#...###. .##
...#.#............


You could see an orc.

Vanquished Creatures
  An adder (D:3)
  4 leopard geckos
  8 orcs (D:3)
  3 bats
  5 giant cockroaches
  3 goblins
  5 hobgoblins
  A quokka (D:3)
  A ball python (D:2)
  4 frilled lizards
  8 kobolds
  4 rats
47 creatures vanquished.

Notes
Turn   | Place    | Note
-------+----------+-------------------------------------------
     0 | D:1      | Borgoz the Ghoul Gladiator began the quest for the Orb.
     0 | D:1      | Reached XP level 1. HP: 17/17 MP: 0/0
     9 | D:1      | Noticed an ogre
   234 | D:1      | Reached XP level 2. HP: 24/24 MP: 1/1
   937 | D:2      | Reached XP level 3. HP: 30/30 MP: 2/2
  1128 | D:2      | Reached skill level 1 in Armour
  1748 | D:3      | Reached XP level 4. HP: 37/37 MP: 3/3
  1771 | D:3      | Mangled by an orc

Illustrated notes

Levels and vault maps discovered:
D:1:      evilmike_arrival_come_back, layout_rooms
D:2:      layout_basic
D:3:      layout_basic

Skill      XL: |  1  2  3 |
---------------+----------+-----
Dodging        | 3 |  3.3
Long Blades    | 3 |  3.3
Armour         | 1 |  1.2
Fighting       | |  2.8
Throwing       | |  1.7

Action                   |  1- 3 |  4- 6 || total
-------------------------+-------+-------++-------
Melee: Dagger            |   110 |    12 ||   122
       Long sword        |     7 |       ||     7
Throw: Throwing net      |       |     1 ||     1
  Use: Scroll            |     2 |       ||     2
Armor: Leather armour    |    28 |     4 ||    32
Dodge: Dodged            |    78 |    10 ||    88
       Rpst.: Long sword |     2 |       ||     2
